 Dungeon Crawl Stone Soup version 0.32-a0-871-ge202e49faa (webtiles) character file.

Game seed: 8525339762758558124

534 gameguard the Cudgeller (level 7, -1/84 HPs)
             Began as a Demonspawn Gladiator on Mar 29, 2024.
             Was a Believer of Uskayaw.
             Incinerated by a bombardier beetle (2 damage)
             ... with a burning spray
             ... on level 4 of the Dungeon.
             The game lasted 00:07:54 (3653 turns).

gameguard the Cudgeller (Demonspawn Gladiator)      Turns: 3653, Time: 00:07:55

Health: -1/84      AC: 23    Str: 16    XL:     7   Next: 4%
Magic:  7/7        EV:  2    Int:  8    God:    Uskayaw [**....]
Gold:   251        SH:  0    Dex: 15    Spells: 6/6 levels left

rFire   . . .        a - +0 flail
rCold   . . .        (no shield)
rNeg    . . .        u - melded +2 chain mail {rC+}
rPois   +            c - melded +0 helmet
rElec   .            (cloak currently unavailable)
rCorr   .            (gloves currently unavailable)
SInv    .            (boots currently unavailable)
Will    .....        h - amulet of magic regeneration
Stlth   +            l - +5 ring of evasion
HPRegen 0.34/turn    (no ring)
MPRegen 0.50/turn

%: no passive effects
@: on fire, tree-form, glowing
A: stationary, stasis, torment immunity, boosted hp, rugged brown scales 2,
powered by death 1, (demonic touch 1)
a: Renounce Religion, Stomp, Line Pass


You were on level 4 of the Dungeon.
You worshipped Uskayaw.
Uskayaw was noncommittal.
You were a tree.
You visited 1 branch of the dungeon, and saw 4 of its levels.

You collected 251 gold pieces.

Inventory:

Hand Weapons
 a - a +0 flail (weapon)
Missiles
 d - 3 throwing nets {!f}
 e - a javelin
 k - 9 boomerangs (quivered)
Armour
 c - a +0 helmet (melded)
 u - a +2 chain mail of cold resistance (melded)
Jewellery
 h - an amulet of magic regeneration (around neck)
 l - a +5 ring of evasion (left branch)
Wands
 q - a wand of roots (11)
 r - a wand of flame (13)
Scrolls
 b - 3 scrolls of identify
 f - a scroll of teleportation
 i - 2 scrolls of fog
Potions
 m - 2 potions of invisibility
 p - 3 potions of mutation
 s - a potion of haste {unknown}
 t - a potion of enlightenment {unknown}


   Skills:
 + Level 4.0 Fighting
 * Level 5.3 Maces & Flails
 - Level 1.7 Throwing
 + Level 0.9 Armour
 - Level 2.6 Dodging
 + Level 1.2 Invocations
 * Level 3.3 Evocations


You had 6 spell levels left.
You didn't know any spells.
Your spell library was empty.

Dungeon Overview and Level Annotations

Branches:
Dungeon (4/15) Zot: 20259
 Temple: D:4-7

Altars:
Ru
Uskayaw

Shops:
D:3 (


Innate Abilities, Weirdness & Mutations

You are a tree.
Your roots penetrate the ground, keeping you stationary.
You cannot be teleported.
You are immune to unholy pain and torment.
Your maximum health is greatly increased.
Your equipment is partially melded.
(You are mostly covered in rugged brown scales. (AC +2, +5% HP))
You regenerate a little health from kills.
((Your touch may inflict minor irresistible damage on your foes.))


Message History

You miss the adder.
You touch the adder!
The adder is almost dead.
The liquid fire burns you! The adder closely misses you.
You can now pass through a line of other dancers.
You miss the adder.
The adder is almost dead.
The liquid fire burns you! The adder completely misses you.
The adder bites you.
You miss the adder.
The adder is almost dead.
The liquid fire burns you!
* * * LOW HITPOINT WARNING * * *
The adder bites you.
* * * LOW HITPOINT WARNING * * *
You closely miss the adder.
You touch the adder.
You kill the adder!
The liquid fire burns you!
* * * LOW HITPOINT WARNING * * *
You shake off some of the fire as you move.
The liquid fire burns you!
* * * LOW HITPOINT WARNING * * *
You shake off some of the fire as you move.
The liquid fire burns you!
* * * LOW HITPOINT WARNING * * *
Okay, then.
You feel better. The liquid fire burns you!
* * * LOW HITPOINT WARNING * * *
It was a potion of magic.
Magic courses through your body. The liquid fire burns you!
* * * LOW HITPOINT WARNING * * *
Okay, then.
It was a potion of lignification.
You turn into a tree.
Your +0 helmet melds into your body.
Your +2 chain mail of cold resistance melds into your body.
You feel less resistant to cold.
Your roots penetrate the ground.
The liquid fire burns you!
You die...
Your body falls in perfect tune with the rhythm.

....#.#.# ####### #.#.#.
#.......#...#...# #.#.#.
#.......#.#.#.#.# #.#.#.
#.......#.#.#.#.# #.....
#.......#.#.#.#.# ###.#.
#.......#.#.#[#.# #.#.
#.......#.#.#.#.# #...
........#.#.#.#.#######.
.......♣#.#.#.#.........
........#...............
........#.#.#.##########
......÷.#.#<#...........
........#.##############
#######.#.....#
#...###.########## #>###
#...........
#####.#######.########


There were no monsters in sight!

Vanquished Creatures
  Sigmund (D:3)
  A scorpion (D:4)
  2 bombardier beetles (D:4)
  Jessica (D:3)
  Natasha (thrice) (D:3)
  3 gnolls (D:4)
  4 adders
  A shadow imp (D:3)
  2 ribbon worms (D:4)
  4 dart slugs
  7 endoplasms
  4 giant cockroaches
  7 goblins
  8 hobgoblins
  3 jackals (D:1)
  5 quokkas
  6 ball pythons
  6 bats
  2 frilled lizards (D:1)
  3 kobolds
  2 rats
75 creatures vanquished.

Notes
Turn   | Place    | Note
-------+----------+-------------------------------------------
     0 | D:1      | gameguard the Demonspawn Gladiator began the quest for the
                  | Orb.
     0 | D:1      | Reached XP level 1. HP: 16/16 MP: 1/1
    96 | D:1      | Reached skill level 3 in Maces & Flails
   220 | D:1      | Gained mutation: You regenerate a little health from kills.
                  | [demonic ancestry]
   220 | D:1      | Reached XP level 2. HP: 7/22 MP: 2/2
   223 | D:1      | HP: 1/22 [constriction (1)]
   886 | D:2      | Reached XP level 3. HP: 26/28 MP: 3/3
  1859 | D:3      | Found Zohuuci's Antique Weapon Emporium.
  2169 | D:3      | Reached skill level 4 in Maces & Flails
  2169 | D:3      | Gained mutation: Your touch may inflict minor irresistible
                  | damage on your foes. [demonic ancestry]
  2169 | D:3      | Reached XP level 4. HP: 31/34 MP: 4/4
  2202 | D:3      | Noticed Natasha
  2223 | D:3      | Killed Natasha
  2377 | D:3      | Noticed Sigmund
  2386 | D:3      | Killed Sigmund
  2386 | D:3      | Noticed Jessica
  2387 | D:3      | Reached XP level 5. HP: 37/41 MP: 5/5
  2391 | D:3      | Killed Jessica
  2392 | D:3      | Gained mutation: You are partially covered in rugged brown
                  | scales. (AC +1, +3% HP) [demonic ancestry]
  2392 | D:3      | Reached XP level 6. HP: 39/48 MP: 6/6
  2570 | D:3      | Noticed Natasha
  2578 | D:3      | Killed Natasha
  2709 | D:3      | Noticed Natasha
  2716 | D:3      | Killed Natasha
  2717 | D:3      | Reached skill level 5 in Maces & Flails
  2913 | D:4      | Found a hide-covered altar of Uskayaw.
  2921 | D:4      | Became a worshipper of Uskayaw the Reveller
  2993 | D:4      | Reached * piety under Uskayaw
  2999 | D:4      | Reached ** piety under Uskayaw
  3007 | D:4      | Reached *** piety under Uskayaw
  3342 | D:4      | Reached skill level 1 in Invocations
  3424 | D:4      | Found a sacrificial altar of Ru.
  3645 | D:4      | Gained mutation: You are mostly covered in rugged brown
                  | scales. (AC +2, +5% HP) [demonic ancestry]
  3645 | D:4      | Reached XP level 7. HP: 30/56 MP: 7/7
  3650 | D:4      | HP: 2/56 [burnt (4)]
  3653 | D:4      | Incinerated by a bombardier beetle

Illustrated notes

Levels and vault maps discovered:
D:1:      dpeg_arrival_signposts, layout_rooms, st_stairs_14
D:2:      layout_loops_ring
D:3:      layout_basic, serial_shops, shop, uniq_sigmund, uniq_natasha,
          uniq_jessica
D:4:      layout_basic, hangedman_ru_absence, nicolae_overflow_crystal_walls

Skill      XL: |  1  2  3  4  5  6 |
---------------+-------------------+-----
Maces & Flails | 3 4 5 |  5.3
Fighting       | 3 4 |  4.0
Evocations     | 2 3 |  3.3
Invocations    | 1 |  1.2
Throwing       | |  1.7
Armour         | |  0.9
Dodging        | |  2.6

Action                     |  1- 3 |  4- 6 |  7- 9 || total
---------------------------+-------+-------+-------++-------
  Melee: Flail             |   141 |    95 |     4 ||   240
         Touch             |       |    11 |     2 ||    13
  Throw: Boomerang         |     6 |    26 |       ||    32
  Evoke: Wand              |       |     1 |       ||     1
    Use: Potion            |     1 |     3 |     3 ||     7
         Scroll            |     1 |     4 |       ||     5
   Stab: Invisible         |       |     2 |       ||     2
 Armour: Scale mail        |   135 |    34 |       ||   169
         Leather armour    |     4 |       |       ||     4
         Chain mail        |       |    23 |     2 ||    25
  Dodge: Dodged            |    96 |    81 |     2 ||   179

Table legend: (Time is in decaauts)
 A = Elapsed time spent in this place.
 B = Non-inter-level travel time spent in this place.
 C = Inter-level travel time spent in this place.
 D = Time resting spent in this place.
 E = Time spent auto-exploring this place.
 F = Levels seen in this place.
 G = Mean time per level.
                   A        B        C        D        E       F      G
               +--------+--------+--------+--------+--------+-----+--------+
         Total |   3740 |   3606 |    134 |     76 |   2751 |   4 |  935.0 |
       Dungeon |   3740 |   3606 |    134 |     76 |   2751 |   4 |  935.0 |
               +--------+--------+--------+--------+--------+-----+--------+

Top non-repeatable levels by time:
     D:3: 1335 daAuts
     D:1: 881 daAuts
     D:4: 808 daAuts
     D:2: 714 daAuts
